Cogmind - Beta 16 @@@ ROGUE MODE // 2026.01.12 @ 18:38:45 Player: Glyb Result: Destroyed by TO-DTF(R) with Subdweller Laser Performance ------------- Evolutions (0) 0 Regions Visited (2) 400 Robots Destroyed (22) 110 Value Destroyed (425) 425 Prototype IDs (0) 0 Alien Tech Used (0) 0 Bonus (0) 0 TOTAL SCORE: 935 Bonus ------- None Cogmind --------- Core Integrity 0/250 Matter 266/300 Energy 250/250 System Corruption 0% Temperature Cool (6) Movement Core (900) Ox17 Location -10/Subcaves Parts ------- > --- POWER (1) -------- Ion Engine > --- PROPULSION (2) --- (None) > --- UTILITY (2) ------ High-capacity Storage Unit Seismic Detector > --- WEAPON (2) ------- Shotgun Light Cannon > --- INVENTORY (20) --- Light Ion Engine Compact Wheel Heat Sink Small Storage Unit Structural Scanner Visual Processing Unit Subdweller Optics Hacking Suite Shotgun Shotgun Shotgun Mining Laser Peak State ------------ > --- POWER ------------ Ion Engine > --- PROPULSION ------- Light Treads Light Treads > --- UTILITY ---------- High-capacity Storage Unit Seismic Detector > --- WEAPON ----------- Shotgun Light Cannon > --- INVENTORY -------- Light Ion Engine Compact Wheel Heat Sink Small Storage Unit Structural Scanner Visual Processing Unit Hacking Suite Shotgun Shotgun Shotgun [Rating: 9] Favorites ----------- Power Ion Engine Engine Ion Engine Propulsion Light Treads Treads Light Treads Utility Seismic Detector Device Seismic Detector Storage High-capacity Storage Unit Weapon Light Cannon Ballistic Gun Shotgun Ballistic Cannon Light Cannon Special Weapon Mining Laser Build | -11 -10 -10 ------- Run | Yrd Mat Sub Slots Evolved . | . . . Power . | . . . Propulsion . | . . . Utility . | . . . Weapon . | . . . Parts Attached 14 | 8 5 1 Power 3 | 2 1 . Engine 3 | 2 1 . Core . | . . . Reactor . | . . . Propulsion 2 | 2 . . Treads 2 | 2 . . Leg . | . . . Wheel . | . . . Hover . | . . . Flight . | . . . Utility 4 | 2 2 . Device 1 | 1 . . Storage 3 | 1 2 . Processor . | . . . Hackware . | . . . Protection . | . . . Artifact . | . . . Weapon 5 | 2 2 1 Energy Gun . | . . . Energy Cannon . | . . . Ballistic Gun 3 | 2 1 . Ballistic Cannon 1 | . 1 . Launcher . | . . . Special Weapon 1 | . . 1 Impact Weapon . | . . . Slashing Weapon . | . . . Piercing Weapon . | . . . Special Melee Weapon . | . . . Unidentified Prototypes . | . . . Parts Lost 3 | . 1 2 Power 1 | . 1 . Propulsion 2 | . . 2 Utility . | . . . Weapon . | . . . Highest Loss Streak 1 | . 1 1 To Critical Strikes . | . . . Average Backups 7 | 1 6 11 Power . | . 1 1 Propulsion . | . 1 1 Utility 3 | . 3 5 Weapon 2 | . 1 4 Tool/Special . | . . . Unused Backups 9 | . . 9 Power . | . . . Propulsion 1 | . . 1 Utility 5 | . . 5 Weapon 3 | . . 3 Tool/Special . | . . . Average Slot Usage (%) 90 | . 91 87 Engine 8 | . 6 14 Treads 24 | . 28 16 Device 14 | . 14 14 Storage 14 | . 14 14 Ballistic Gun 17 | . 19 14 Ballistic Cannon 9 | . 8 11 Peak Build Rating 9 | 7 9 9 Average Rating 7 | 5 7 8 On Entrance 5 | . 7 9 Avg Prop Armor Cover (%) . | . . . Naked Turns . | . . . Heaviest Build 89 | 14 89 52 Greatest Support 40 | 40 40 40 Greatest Overweight (x) 17 | 1 2 17 Average Overweight (x) 1 | . 1 1 Largest Inventory Capacity 25 | 8 25 20 Average Capacity 19 | 7 20 20 Most Carried 12 | 2 11 12 Average Carried 7 | 1 6 11 Final Capacity 20 | 8 20 20 Final Carried 12 | 2 11 12 Class Distribution -------------------- 100% | Mutant Dominant Class ---------------- Mutant | -10/Materials Mutant | -10/Subcaves Resources | -11 -10 -10 ----------- Run | Yrd Mat Sub Matter Collected 679 | 273 314 92 Remotely . | . . . Salvage Created 585 | 10 543 32 Parts 39 | 3 34 2 Haulers Intercepted 1 | . 1 . Recyclers Shooed 1 | . 1 . Parts Field Recycled . | . . . Retrieved Matter . | . . . Parts Self-Destructed 7 | . . 7 Prevented . | . . . Parts Restored . | . . . Kills | -11 -10 -10 ------- Run | Yrd Mat Sub Combat Hostiles Destroyed 14 | . 12 2 Guns 9 | . 7 2 Cannons 5 | . 5 . Classes Destroyed 8 | 1 6 1 Tunneler 1 | 1 . . Hauler 1 | . 1 . Recycler 2 | . 2 . Operator 1 | . 1 . Watcher 3 | . 3 . Swarmer 7 | . 7 . Grunt 5 | . 5 . Subdweller 2 | . . 2 Best Kill Streak 3 | 1 3 2 Combat Bots Only 3 | . 3 2 Max Kills in Single Turn 1 | 1 1 1 Gunslinging . | . . . Exploded . | . . . Melee . | . . . Uniques/NPCs Destroyed . | . . . Combat | -11 -10 -10 -------- Run | Yrd Mat Sub Hostile Shots Fired 84 | . 58 26 Missed 26 | . 19 7 Hits 58 | . 39 19 Projectile 58 | . 39 19 Damage Taken 861 | . 467 394 Core 256 | . 128 128 Absorbed by Shields . | . . . Core Remaining (%) 100 | 100 . . Volleys Fired 61 | 3 45 13 Largest 2 | 2 2 2 Hottest 123 | 40 53 123 Shots Fired 121 | 6 89 26 Gun 86 | 6 67 13 Cannon 33 | . 22 11 Launcher . | . . . Special 2 | . . 2 Kinetic 119 | 6 89 24 Thermal 2 | . . 2 Explosive . | . . . Electromagnetic . | . . . Robot Hit Streak 8 | 2 7 8 Robot Miss Streak 3 | 1 3 2 Penetration Max . | . . . Secondary Targets 1 | . 1 . Max Gunslinging Chain 1 | . 1 . Shots Hit Robots 75 | 4 53 18 Core Hits 32 | 2 24 6 Critical Kills . | . . . Critical Parts Destroyed 1 | . 1 . Critical Strikes 1 | . 1 . Destroy 1 | . 1 . Melee Attacks . | . . . Impact . | . . . Slashing . | . . . Piercing . | . . . Sneak Attacks . | . . . Combat Hostiles . | . . . Follow-up Attacks . | . . . Damage Inflicted 1050 | 38 712 300 Guns 647 | 38 432 177 Cannons 351 | . 228 123 Explosions 52 | . 52 . Melee . | . . . Ramming . | . . . Kinetic 998 | 38 660 300 Thermal . | . . . Explosive 52 | . 52 . Electromagnetic . | . . . Impact . | . . . Slashing . | . . . Piercing . | . . . Highest Corruption . | . . . Average Corruption . | . . . Corruption Purged . | . . . Corruption Blocked . | . . . Overload Shots . | . . . Overflow Damage 30 | . 30 . Projectiles 18 | . 18 . Explosions 12 | . 12 . Melee . | . . . Knockbacks 6 | . 2 4 Impact . | . . . Kinetic 5 | . 1 4 Secondary 1 | . 1 . Self-Inflicted Damage 108 | . 108 . Shots 1 | . 1 . Rammed . | . . . Targets Rammed . | . . . Kicked . | . . . Crushed . | . . . Highest Temperature 12 | . 12 . Average Temperature 6 | . 6 . Received Heat Transfer 219 | . 96 123 Siege Activations . | . . . Martial Activations . | . . . Shielding Activations . | . . . Robots Disrupted . | . . . Combat Hostiles . | . . . Robots Corrupted . | . . . Combat Hostiles . | . . . Parts Fried . | . . . Impact Corruptions 1 | . 1 . Robots Melted . | . . . Combat Hostiles . | . . . Parts Melted . | . . . Heat Transferred . | . . . Parts Sabotaged . | . . . Parts Stolen . | . . . Parts Stripped . | . . . Power Chain Reactions . | . . . Alert | -11 -10 -10 ------- Run | Yrd Mat Sub Maximum Alert Level . | . . . Low Security (%) 100 | 100 100 . Level 1 . | . . . Level 2 . | . . . Level 3 . | . . . Level 4 . | . . . Level 5 . | . . . High Security . | . . . Max Security . | . . . Peak Influence 86 | 5 86 . Initial . | . . . Average 34 | . 35 . Influence Increases 493 | 5 488 . Destroy 0b10 Robot/C 240 | . 240 . Destroy 0b10 Robot/NC 40 | 5 35 . Destroy Leader 48 | . 48 . Successful Hack 18 | . 18 . Select Force Hacks 60 | . 60 . Disable Machine 30 | . 30 . Destroy Structure 27 | . 27 . Lose Combat Pursuer 30 | . 30 . Influence Decreases 493 | 5 430 58 Entered New Map 29 | . . 29 Time Decay 454 | 5 420 29 Lost Part 10 | . 10 . Squads Dispatched 4 | . 4 . Investigation 3 | . 3 . Extermination . | . . . Reinforcement 1 | . 1 . Assault . | . . . Garrison . | . . . Intercept . | . . . Searches Triggered . | . . . Construction Impeded . | . . . Haulers Reinforced . | . . . Active Scanning Responses . | . . . Cargo Convoy Interrupts . | . . . Stealth | -11 -10 -10 --------- Run | Yrd Mat Sub Distress Signals 1 | . 1 . Communications Jammed . | . . . Distress Signals . | . . . Times Spotted 24 | . 20 4 Peak Tracking Total 3 | . 3 2 Tactical Retreats 2 | . 2 . Traps | -11 -10 -10 ------- Run | Yrd Mat Sub Traps Triggered . | . . . Indirectly . | . . . Trap Hack Attempts . | . . . Triggered . | . . . Disarmed . | . . . Reprogrammed . | . . . Reused . | . . . Traps Extracted . | . . . Installed . | . . . Triggered . | . . . Machines | -11 -10 -10 ---------- Run | Yrd Mat Sub Machines Disabled 2 | . 2 . Max in Single Turn 2 | . 2 . Machines Repaired . | . . . Machines Dismantled . | . . . Machines Sabotaged . | . . . Overloaded Fab Kills . | . . . Hacking | -11 -10 -10 --------- Run | Yrd Mat Sub Machines Accessed 7 | . 7 . Terminals 5 | . 5 . Fabricators . | . . . Repair Stations . | . . . Recycling Units 2 | . 2 . Scanalyzers . | . . . Garrison Access . | . . . Total Hacks 13 | . 13 . Successful 5 | . 5 . Failed 8 | . 8 . Catastrophic . | . . . Database Lockouts . | . . . Manual 13 | . 13 . Terminals 10 | . 10 . Fabricators . | . . . Repair Stations . | . . . Recycling Units 3 | . 3 . Scanalyzers . | . . . Garrison Access . | . . . Terminal Hacks . | . . . Fabricator Hacks . | . . . Repair Station Hacks . | . . . Recycling Unit Hacks . | . . . Scanalyzer . | . . . Garrison Access Hacks . | . . . Unauthorized Hacks 5 | . 5 . Terminals 3 | . 3 . Assimilate 1 | . 1 . Operators 2 | . 2 . Fabricators . | . . . Repair Stations . | . . . Recycling Units 2 | . 2 . Tunnel 2 | . 2 . Scanalyzers . | . . . Garrison Access . | . . . Data Cores Recovered . | . . . Used . | . . . Hacking Detections 4 | . 4 . Full Trace Events 2 | . 2 . Feedback Events . | . . . Feedback Blocked . | . . . Robot Schematics Acquired . | . . . Robots Built . | . . . Authchips . | . . . Time . | . . . Total Robot Build Rating . | . . . Part Schematics Acquired . | . . . Parts Built . | . . . Authchips . | . . . Time . | . . . Total Part Build Rating . | . . . Part Studies Acquired . | . . . Parts Repaired . | . . . Time . | . . . Parts Recycled . | . . . Recycled Matter . | . . . Retrieved Matter . | . . . Retrieved Components . | . . . Parts Scanalyzed . | . . . Part Schematics Acquired . | . . . Parts Damaged . | . . . Bothacking | -11 -10 -10 ------------ Run | Yrd Mat Sub Used RIF Installer . | . . . Robots Hacked . | . . . Non-combat . | . . . Combat . | . . . Robot Hacks Applied . | . . . Relay Couplers Released . | . . . Fabnet Peak Effective % . | . . . Robots Rewired . | . . . Allies Hacked . | . . . Hacks Repelled . | . . . Allies | -11 -10 -10 -------- Run | Yrd Mat Sub Total Allies . | . . . Largest Group . | . . . Highest-Rated Group . | . . . Highest-Rated Ally . | . . . Total Orders . | . . . Ally Attacks . | . . . Total Damage . | . . . Kills . | . . . Allies Corrupted . | . . . Allies Melted . | . . . Intel | -11 -10 -10 ------- Run | Yrd Mat Sub Active Infowar (turns) 2371 | 8 1730 633 Seismic 2371 | 8 1730 633 Robot Analysis Total . | . . . Derelict Logs Recovered 2 | . . 2 Drone Launches . | . . . Drone Recoveries . | . . . Exploration | -11 -10 -10 ------------- Run | Yrd Mat Sub Turns Passed 2451 | 88 1730 633 Spaces Moved 848 | 44 612 192 Core 5 | 4 . 1 Treads 843 | 40 612 191 Legs . | . . . Wheels . | . . . Hover . | . . . Flight . | . . . Fastest Speed 50 | 50 160 240 Average Speed 254 | 152 245 307 Slowest Speed 900 | 160 320 900 Overloaded Moves . | . . . Propulsion Burnouts . | . . . Robots Hopped . | . . . Potential Cave-ins . | . . . Cave-ins Triggered . | . . . Exploration Rate (%) 30 | 4 77 10 Regions Visited 2 Branch Regions 1 Pre-discovered Areas 2 | . 2 . Known Exits Taken . | . . . Unknown Exits Taken 2 | 1 1 . Scrap Searched . | . . . Spaces Dug . | . . . Terrain Destroyed 28 | . 28 . Melee . | . . . Projectile . | . . . AOE 28 | . 28 . Terrain Rammed . | . . . Walls Destroyed . | . . . Machines Disabled . | . . . Actions | -11 -10 -10 --------- Run | Yrd Mat Sub Total 1020 | 56 754 210 Wait 80 | . 80 . Move 846 | 43 611 192 Hop . | . . . Pick Up 13 | 2 10 1 Fast Attach 8 | 7 1 . Attach . | . . . Detach . | . . . Swap 9 | 1 4 4 Drop 3 | . 3 . Fire 61 | 3 45 13 Melee . | . . . Ram . | . . . Kick . | . . . Crush . | . . . Escape Stasis . | . . . Rewire . | . . . Trap . | . . . Miscellaneous . | . . . Route ------- -11/Scrapyard -10/Materials (discovered 4 exits: [*Mat x2] / [*Min] / [*Sub]) -10/Subcaves History --------- Turn | Location | Event 14 | -11/Scrapyard | Discovered new exit (range 15) 89 | -11/Scrapyard | Entered Materials 305 | -10/Materials | Build established: Mutant 445 | -10/Materials | Discovered new exit (range 13) 768 | -10/Materials | Discovered new exit (range 7) 1368 | -10/Materials | Core integrity fell below 50% 1633 | -10/Materials | Discovered new exit (range 9) 1790 | -10/Materials | Discovered new exit (range 9) 1819 | -10/Materials | Entered Subcaves 1820 | -10/Subcaves | Approached by a straggling Scientist 1827 | -10/Subcaves | Learned 4 Materials zone layouts 2447 | -10/Subcaves | Core integrity fell below 20% 2452 | -10/Subcaves | Destroyed by TO-DTF(R) with Subdweller Laser Last Messages --------------- 01962_ Subatomizers dissect the Sub. Laser. 01962_ Acquired 2 matter. 01965_ Acquired 4 matter. FE-LQI(c): "I think it's somewhere north of here" 01977_ Subatomizers dissect the Sub. Laser. FE-LQI(c): "I think it's somewhere north of here" 02029_ Subatomizers dissect the Sub. Laser. 02036_ Acquired derelict log, extracted data. Data stored: Storage entrances (x1). FE-LQI(c): "I think it's somewhere northeast of here" FE-LQI(c): "I think it's somewhere north of here" 02301_ Acquired 4 matter. 02314_ Acquired 15 matter. FE-LQI(c): "I think it's somewhere northeast of here" 02336_ Acquired 14 matter. 02339_ Acquired 15 matter. 02349_ Acquired 6 matter. FE-LQI(c): "I think it's somewhere northeast of here" 02443_ Lgt. Treads destroyed. 02448_ TO-DTF(R) knocked back. Map ----- +----------------------------------------------------+ | ?????????????????????????????????????????????????? | | ?????????????????????????????????????????????????? | | ?????????????????????????????????????????????????? | | ?????????????????????????????????????????????????? | | ?????????????????????????????????????????????????? | | ?????????????????????????????????????????????????? | | ?????????????????????????????????????????????????? | | ?????????????????????????????????????????????????? | | ?????????????????????????????????????????????????? | | ?????????????????????????????????????????????????? | | ?????????????????????????????????????????????????? | | ?????????????????????? ??????????????????????????? | | ?????????????????????? ??????????????????????????? | | ?????????????????????# ??????????????????????????? | | ????????????????????## ?????????????????????????? | | ???????????????????## ?????????????????????????? | | ???????????????????? ?????????????????????????? | | ???????????????????? ?????????????????????????? | | ????????????????????? ?????????????????????????? | | ?????????????????????# c?????????????????????????? | | ??????????????????#### ####?????????????????????? | | ?????????????????## % ##????????????????????? | | ????????????????## "" % #????????????????????? | | ?????????????? ## "" #????????????????????? | | ??????????????"" " " R #????????????????????? | | ????????????????" """% @""#????????????????????? | | ?????????????????""""" ""##???????????????###### | | ????????????????? """"## "#????????????????# # | | ?????????????????"""??## ##########??????## | | ??????????????????????# R ## # #??????# | | ??????????????????????# " ##?###### ## # | | ??????????????????????## # ### #?# ## ### | | ???????????????????????########?### ### ##?? | | ??????????????????????????????????# ## #?? | | ??????????????????????????????????# ## ##?# | | ??????????????????????????????????# " # #?# | | ??????????????????????????????????#### ? | | ?????????????????????????????????????### ## # ## | | ??????????????????????????????????????? ### ##? | | ??????????????????????????????????????? ##? #?? | | ???????????????????????????????????????# #?? ??? | | ??????????????????????????????????????? #??# #?? | | ??????????????????????????????????????? "???" #?? | | ??????????????????????????????????????? ???" #?? | | ??????????????????????????????????????? ##????##?? | | ???????????????????????????????????????#?????????? | | ?????????????????????????????????????????????????? | | ?????????????????????????????????????????????????? | | ?????????????????????????????????????????????????? | | ?????????????????????????????????????????????????? | +----------------------------------------------------+ Best States ------------- Heat Dissipation 25 Energy Generation 10 Energy Capacity 250 Matter Stores 300 Matter Capacity 300 Sight Range 16 Terrain Scan Density 10 Evasion (%) 40 Recoil Reduction 2 Item Schematics ----------------- None Robot Schematics ------------------ None Fabricated ------------ Nothing Repaired ---------- Nothing Studied --------- None Alien Tech Used ----------------- None Achievements -------------- None Challenges ------------ None Game ------ Seed GravmagInterceptMagmablaster Manual? 0 Play Time 00:15:00 Cumulative 23.2 hours Start 2026.01.12 @ 18:25:46 End 2026.01.12 @ 18:38:45 Sessions 1 Manual Loads 0 Difficulty Rogue Special Mode None Game No. 30 Rogue 30 Adventurer 0 Explorer 0 Win Type - Total 0 Types 0/0/0/0/0/0/0/0/0/0 Lore% 15 Gallery% 27 Achievement% 20 Wizard Run 0 Options --------- Layout 0 ASCII 0 Keyboard 1 Movement Numpad Keybinds 0 Fullscreen 2 Font 18/SmallcapsGlow Map View 112x50 Zoom Use 0% Tactical HUD 1 Map Filters NONE Filters NONE Steam 1 RUN: 31fd31e2-536f-450a-876c-6b0e71c09ebe